 Dungeon Crawl Stone Soup version 0.16.1-7-g2c6721e (console) character file.

237 Monkaria the Skirmisher (level 5, -27/50 HPs)
             Began as a Minotaur Skald on Mar 29, 2015.
             Killed from afar by a giant mite (39 damage)
             ... with an exploding inner flame
             ... hexed by the player character
             ... in a sewer.
             The game lasted 00:05:37 (3037 turns).

Monkaria the Skirmisher (Minotaur Skald)            Turns: 3037, Time: 00:05:37

Health: -27/50     AC:  3    Str: 17    XL:     5   Next: 77%
Magic:  4/4        EV: 11    Int:  9    God:
Gold:   61         SH:  0    Dex: 10    Spells: 1 memorised, 5 levels left

rFire  . . .     SeeInvis .     a - +0 falchion
rCold  . . .     Clarity  .     b - +0 leather armour
rNeg   . . .     SustAb   .     (no shield)
rPois  .         Gourm    .     (helmet restricted)
rElec  .         Spirit   .     (no cloak)
rCorr  .         Warding  .     (no gloves)
rMut   .         Stasis   .     (no boots)
MR     .....                    (no amulet)
Stlth  +.........               (no ring)
                                j - ring of flight

@: lethally poisoned (-27 -> -38), not resistant to hostile enchantments, very
unstealthy
A: retaliatory headbutt, horns 2
a: Evoke Flight


You were in a sewer.
You were not hungry.

You visited 1 branch of the dungeon, and saw 3 of its levels.
You also visited: Sewer.

You collected 61 gold pieces.

Inventory:

Hand weapons
 a - a +0 falchion (weapon)
Armour
 b - a +0 leather armour (worn)
Jewellery
 j - a ring of flight (left hand)
Scrolls
 i - a scroll of magic mapping
Books
 c - a book of Battle

   Spells                             Type                      Level
   a - Infusion                       Charms                       1
   b - Shroud of Golubria             Charms/Translocation         2
   c - Song of Slaying                Charms                       2
   d - Spectral Weapon                Hexes/Charms                 3
   e - Regeneration                   Charms/Necromancy            3
Comestibles
 d - 3 bread rations
 f - a slice of pizza
 g - 2 chunks of flesh


   Skills:
 + Level 6.1 Fighting
 - Level 4.6 Long Blades
 - Level 1.2 Armour
 - Level 1.1 Dodging
 - Level 1.3 Spellcasting
 - Level 2.0 Charms


You had 5 spell levels left.
You knew the following spells:

 Your Spells              Type           Power        Failure   Level  Hunger
a - Infusion              Chrm           #.....       21%         1    ##.....


Dungeon Overview and Level Annotations

Branches:
Dungeon (3/15)

Altars:
Kikubaaqudgha
The Shining One


Innate Abilities, Weirdness & Mutations

You reflexively headbutt those who attack you in melee.
You have a pair of horns on your head.


Message History

It was a scroll of immolation.
* * * LOW HITPOINT WARNING * * *
You feel sick.
The ooze splashes around in the water.
The adder barely misses you. You furiously retaliate!
You headbutt the adder!
The adder explodes!
The fiery explosion engulfs the ooze.
The ooze explodes!
The fiery explosion engulfs the ooze.
The ooze explodes!
The fiery explosion engulfs the ball python.
The ball python explodes!
You hear a splash.
The fiery explosion engulfs the giant mite.
The giant mite explodes!
The fiery explosion engulfs the giant mite.
The giant mite explodes!
You hear a splash.
The fiery explosion engulfs you!
Ouch! That really hurt!
You die...

#≈≈# ##.#≈≈# #.≈#
#≈≈#≈≈# #≈≈# #≈≈#≈≈#
#≈≈# #≈≈≈.≈# #≈≈##
#.≈≈≈≈# #≈≈≈#
###.≈≈≈≈# ##.≈#
###≈####### #≈≈##
.≈#######≈.≈.≈# #≈≈.#
≈≈≈.%§§§@§≈≈≈.#
##.÷##≈≈≈.≈§§§§##≈≈##
#≈÷.##..≈%§§§##≈≈##
#..†≈###≈.≈###≈≈.#
##≈≈≈≈≈#####≈≈≈≈≈#
##≈≈≈≈≈.≈≈≈≈.≈≈##
##≈.≈≈≈≈≈≈≈≈≈##
###≈≈≈.≈≈≈###
###.∩.###


There were no monsters in sight!

Vanquished Creatures
  A river rat (D:3)
  5 adders
  11 giant mites
  2 worms (D:3)
  4 giant geckos
  10 oozes
  4 bats
  6 giant cockroaches
  11 goblins
  6 hobgoblins
  7 jackals
  8 ball pythons
  5 giant newts
  3 kobolds
  5 rats
88 creatures vanquished.

Notes
Turn   | Place    | Note
--------------------------------------------------------------
     0 | D:1      | Monkaria, the Minotaur Skald, began the quest for the Orb.
     0 | D:1      | Reached XP level 1. HP: 18/18 MP: 2/2
   181 | D:1      | Reached skill level 3 in Long Blades
   193 | D:1      | Reached XP level 2. HP: 20/25 MP: 2/2
  1183 | D:2      | Reached XP level 3. HP: 27/30 MP: 3/3
  1268 | D:2      | Reached skill level 4 in Long Blades
  1428 | D:2      | Found a glowing golden altar of the Shining One.
  1552 | D:3      | Found an ancient bone altar of Kikubaaqudgha.
  1626 | D:3      | Reached XP level 4. HP: 7/38 MP: 4/4
  1627 | D:3      | Found a glowing drain.
  1794 | Sewer    | Entered a sewer
  2092 | Sewer    | Reached XP level 5. HP: 21/47 MP: 4/4
  2098 | Sewer    | Reached skill level 5 in Fighting
  2107 | Sewer    | HP: 2/48 [poisoned by an adder]
  2115 | Sewer    | HP: 1/48 [poisoned by an adder]
  2648 | Sewer    | HP: 2/48 [giant mite (3)]
  3031 | Sewer    | Reached skill level 6 in Fighting
  3037 | Sewer    | Killed from afar by a giant mite

Action                   |  1- 3 |  4- 6 || total
-------------------------+-------+-------++-------
Melee: Falchion          |   113 |   143 ||   256
  Use: Potion            |     1 |     2 ||     3
       Scroll            |     2 |     2 ||     4
  Eat: Chunk             |     2 |     5 ||     7
